AoeStats
← ZamSerg

Arena

506261915Analyzed
4v4 RM · 19d ago on Sep 12, 2026· 21m 26s· 8 players
Game mode
Random Map
Map size
Large (8 player)
Population
200
Speed
Normal
Resources
Standard
Victory
Conquest
Starting age
Dark Age
Ending age
Imperial Age
RankedLock teamsTeams togetherTeam positionsShared explorationLock speedFull tech treeHidden civsTurbo modeCheats
Victory
Defeat
🇺🇸 Cumans · United States
1353
+13
🇲🇽 Teutons · Mexico
1332
+14
🇲🇽 Burgundians · Mexico
1318
+15
🇺🇸 Britons · United States
1215
+18
🇨🇴 Vietnamese · Colombia
1318
-16
🇷🇺 Franks · Russia
1267
-14
🇨🇴 Italians · Colombia
1250
-14
TITO15
11:02 Feudal Age
11:41 Loom
12:34 Double-Bit Axe
14:53 Castle Age
12:55 Horse Collar
15:57 Bow Saw
软脚虾5号(p6有机会获得妙卡奶牛)
10:34 Feudal Age
14:11 Castle Age
13:04 Double-Bit Axe
15:34 Bow Saw
jomanuel28
2:11 Loom
5:08 Loom
9:15 Feudal Age
ZamSerg
11:06 Feudal Age
15:01 Castle Age
13:24 Double-Bit Axe
18:09 Bow Saw
PMMePizza
9:58 Feudal Age
13:48 Castle Age
12:26 Double-Bit Axe
12:23 Horse Collar
14:26 Loom
21:48 Bloodlines
Bjorn Ironside
7:08 Loom
9:35 Feudal Age
10:22 Double-Bit Axe
10:50 Fletching
16:18 Stone Mining
17:54 Town Watch
sakuzi
10:42 Feudal Age
13:04 Loom
15:40 Castle Age
18:40 Fletching
19:02 Double-Bit Axe
rubenciego
3:59 Loom
10:45 Feudal Age
14:55 Castle Age
12:43 Double-Bit Axe
13:08 Horse Collar
13:53 Bow Saw
13:47 Gold Mining
14:54 Heavy Plow
22:17 Two-Man Saw
Connection lost

Rejoining the realm…

Still unreachable

The connection could not be restored.

Session expired

The server has moved on; the page needs a fresh start.